 Dungeon Crawl Stone Soup version 0.31-a0-115-g4708a659fe (webtiles) character file.

Game seed: 7396085289872129459

125 senseless the Ducker (level 4, -3/38 HPs)
             Began as a Demigod Gladiator on May 29, 2023.
             Killed by divine providence
             ... invoked by an orc priest
              (16 damage)
             ... on level 3 of the Dungeon.
             The game lasted 00:03:05 (2367 turns).

senseless the Ducker (Demigod Gladiator)            Turns: 2367, Time: 00:03:05

Health: -3/38      AC:  5    Str: 15    XL:     4   Next: 53%
Magic:  6/6        EV: 13    Int: 10    God:
Gold:   95         SH:  0    Dex: 19    Spells: 3/3 levels left

rFire   . . .        a - +0 long sword
rCold   . . .        (no shield)
rNeg    . . .        b - +0 leather armour
rPois   .            c - +0 helmet
rElec   .            (no cloak)
rCorr   .            (no gloves)
SInv    .            i - +0 pair of boots
Will    .....        (no amulet)
Stlth   +            (no ring)
HPRegen 0.26/turn    (no ring)
MPRegen 0.10/turn

%: no passive effects
@: no status effects
A: high MP 1, forlorn, divine attributes
a: no special abilities


You were on level 3 of the Dungeon.
You visited 1 branch of the dungeon, and saw 3 of its levels.

You collected 95 gold pieces.

Inventory:

Hand Weapons
 a - a +0 long sword (weapon)
 l - a +0 falchion
 p - the +5 whip "Kopaseko" {flame, Fly rPois Str-4 Int+4}
   (You found it on level 3 of the Dungeon)

   Str:       It affects your strength (-4).
   Int:       It affects your intelligence (+4).
   rPois:     It protects you from poison.
   Fly:       It grants you flight.
Missiles
 d - 3 throwing nets (quivered)
 e - a javelin
Armour
 b - a +0 leather armour (worn)
 c - a +0 helmet (worn)
 i - a +0 pair of boots (worn)
 m - a +0 scale mail
Wands
 k - a wand of mindburst (2)
Scrolls
 f - a scroll of blinking {unknown}
 h - 2 scrolls of identify {unknown}
 n - a scroll of torment {unknown}
 q - a scroll of fear {unknown}
 r - a scroll of fog {unknown}
 s - a scroll of vulnerability {unknown}
Potions
 g - 2 potions of heal wounds {unknown}
 j - a potion of magic {unknown}
 o - a potion of degeneration {unknown}


   Skills:
 + Level 3.0 Fighting
 + Level 3.6 Long Blades
 - Level 1.7 Throwing
 + Level 3.6 Dodging


You had 3 spell levels left.
You didn't know any spells.
Your spell library contained the following spells:

 Spells                   Type           Power      Damage    Failure   Level
 Inner Flame              Hex/Fire       0%         N/A       80%         3
 Flame Wave               Conj/Fire      0%         2d4       99%         4
 Sticky Flame             Conj/Fire      0%         2d3       99%         4


Dungeon Overview and Level Annotations

Branches:
Dungeon (3/15)


Innate Abilities, Weirdness & Mutations

You have an increased reservoir of magic. (+10% MP)
You shall have no god before yourself.
Your divine heritage dramatically boosts your attributes as you level up.


Message History

You are too injured to fight recklessly!
You are too injured to fight recklessly!
You are too injured to fight recklessly!
You are too injured to fight recklessly!
You are too injured to fight recklessly!
You are too injured to fight recklessly!
You are too injured to fight recklessly!
You are too injured to fight recklessly!
You are too injured to fight recklessly!
You are too injured to fight recklessly!
The orc attacks as you move away! The orc hits you with a +0 club.
The orc priest looks braver for a moment.
There is an escape hatch in the floor here.
You are too injured to fight recklessly!
You are too injured to fight recklessly!
You are too injured to fight recklessly!
You are too injured to fight recklessly!
You are too injured to fight recklessly!
You are too injured to fight recklessly!
You are too injured to fight recklessly!
You are too injured to fight recklessly!
You are too injured to fight recklessly!
You are too injured to fight recklessly!
You are too injured to fight recklessly!
You are too injured to fight recklessly!
You are too injured to fight recklessly!
You are too injured to fight recklessly!
You are too injured to fight recklessly!
You are too injured to fight recklessly!
You barely miss the orc.
The orc is heavily wounded.
The orc misses you.
You hit the orc but do no damage.
The orc is heavily wounded.
The orc barely misses you.
You hit the orc.
You kill the orc!
The orc priest mumbles some strange prayers to Beogh against you.
Beogh smites you!
You die...

####...# #.# #...........
.......###.####.##.#...#..
###......................
#.#.###.####...........
#.#.#......♣♣♣♣♣....#.# #
#†######♣♣♣♣..♣..##.#
#####.#.#### .P....##.#
...........# ♣.♣..##.#
#####.#.##@♣ ♣♣......#
#.#.##)♣ ♣##..####
......oo♣ ♣....<#
##.#.##oo ####.##
#.#.##... #.# # ........
### #.#....## .....
....###


You could see 2 orc priests and 2 orcs.

Vanquished Creatures
  Jessica (D:2)
  Terence (D:2)
  A gnoll (D:1)
  2 adders
  An orc (D:3)
  5 endoplasms
  2 giant cockroaches
  2 hobgoblins (D:1)
  5 jackals (D:1)
  A quokka (D:2)
  A ball python (D:2)
  4 bats
  2 frilled lizards (D:1)
  7 goblins
  6 kobolds
  7 rats
48 creatures vanquished.

Notes
Turn   | Place    | Note
-------+----------+-------------------------------------------
     0 | D:1      | senseless the Demigod Gladiator began the quest for the
                  | Orb.
     0 | D:1      | Reached XP level 1. HP: 17/17 MP: 3/3
   314 | D:1      | Reached XP level 2. HP: 24/24 MP: 4/4
   547 | D:1      | Reached XP level 3. HP: 30/30 MP: 5/5
  1304 | D:2      | Noticed Terence
  1315 | D:2      | Killed Terence
  1550 | D:2      | Reached XP level 4. HP: 36/37 MP: 6/6
  1678 | D:2      | Noticed Jessica
  1685 | D:2      | Killed Jessica
  2199 | D:3      | Identified the +5 whip "Kopaseko" {flame, Fly rPois Str-4
                  | Int+4}
  2367 | D:3      | Killed from afar by an orc priest

Illustrated notes

Levels and vault maps discovered:
D:1:      dpeg_arrival_circle_labyrinth_a, layout_loops_corners,
          minmay_tetromino_s2
D:2:      layout_basic, minmay_puff, uniq_jessica, uniq_terence
D:3:      layout_basic, nzn_overflow_gifts_of_might_and_magic, serial_forest,
          infiniplex_forest_clump_double, infiniplex_forest_lined_room_,
          infiniplex_forest_lined_room_3, infiniplex_forest_zigzag_1,
          infiniplex_forest_end_3, infiniplex_forest_lined_3,
          infiniplex_forest_clump_cross, infiniplex_forest_straight_2,
          infiniplex_forest_lined_room_2, infiniplex_forest_fountain,
          uniq_sigmund

Skill      XL: |  1  2  3  4 |
---------------+-------------+-----
Fighting       | 2 3 |  3.0
Dodging        | 3 |  3.6
Long Blades    | 3 |  3.6
Throwing       | |  1.7

Action                     |  1- 3 |  4- 6 || total
---------------------------+-------+-------++-------
  Melee: Long sword        |    97 |    39 ||   136
         Punch             |     2 |       ||     2
   Stab: Sleeping          |     2 |     2 ||     4
 Armour: Leather armour    |    30 |     8 ||    38
  Dodge: Dodged            |    77 |    21 ||    98

Table legend: (Time is in decaauts)
 A = Elapsed time spent in this place.
 B = Non-inter-level travel time spent in this place.
 C = Inter-level travel time spent in this place.
 D = Time resting spent in this place.
 E = Time spent auto-exploring this place.
 F = Levels seen in this place.
 G = Mean time per level.
                   A        B        C        D        E       F      G
               +--------+--------+--------+--------+--------+-----+--------+
         Total |   2404 |   2343 |     61 |      0 |   1972 |   3 |  801.3 |
       Dungeon |   2404 |   2343 |     61 |      0 |   1972 |   3 |  801.3 |
               +--------+--------+--------+--------+--------+-----+--------+

Top non-repeatable levels by time:
     D:2: 1143 daAuts
     D:1: 1060 daAuts
     D:3: 200 daAuts
